 Dungeon Crawl Stone Soup version 0.26-a0-1033-gd598b01645 (webtiles) character file.

Game seed: 11106670616850357152

131 Morbidden the Conjurer (level 4, -6/32 HPs)
             Began as a Demonspawn Conjurer on Dec 10, 2020.
             Mangled by an orc warrior
             ... wielding a +0 halberd
              (20 damage)
             ... on level 2 of the Dungeon.
             The game lasted 00:02:27 (2418 turns).

Morbidden the Conjurer (Demonspawn Conjurer)        Turns: 2418, Time: 00:02:27

Health: -6/32      AC:  4    Str:  7    XL:     4   Next: 91%
Magic:  0/8        EV: 12    Int: 21    God:
Gold:   87         SH:  0    Dex: 11    Spells: 5/8 levels left

rFire    . . .     SeeInvis .   (no weapon)
rCold    + . .     Faith    .   (no shield)
rNeg     . . .     Spirit   .   a - +0 robe
rPois    .         Reflect  .   b - +0 helmet
rElec    .         Harm     .   (no cloak)
rCorr    .         Rampage  .   (no gloves)
Will     .....                  (no boots)
Stlth    ++........             (no amulet)
HPRegen  0.10/turn              e - ring of protection from cold
MPRegen  0.11/turn              (no ring)

@: no status effects
A: hooves 1, rugged brown scales 1
a: no special abilities


You were on level 2 of the Dungeon.
You visited 1 branch of the dungeon, and saw 2 of its levels.

You collected 87 gold pieces.

Inventory:

Missiles
 h - 13 poisoned darts (quivered)
 n - 2 throwing nets
Armour
 a - a +0 robe (worn)
 b - a +0 helmet (worn)
Jewellery
 e - a ring of protection from cold (left hand)
 j - an uncursed ring of wizardry {unknown}
Scrolls
 c - a scroll of remove curse {unknown}
 f - a scroll of identify {unknown}
Potions
 d - a potion of curing
 g - a potion of haste {unknown}
 i - 2 potions of mutation {unknown}
 k - a potion of brilliance {unknown}
 l - a potion of attraction {unknown}
 m - a potion of flight {unknown}


   Skills:
 * Level 1.3 Fighting
 + Level 2.1 Dodging
 + Level 1.9 Stealth
 + Level 0.2 Unarmed Combat
 * Level 2.7 Spellcasting
 * Level 5.3 Conjurations


You had 5 spell levels left.
You knew the following spells:

 Your Spells              Type           Power        Failure   Level
a - Magic Dart            Conj           ####         1%          1
b - Searing Ray           Conj           ####..       2%          2

Your spell library contained the following spells:

 Spells                   Type           Power        Failure   Level
 Dazzling Flash           Conj/Hex       ##....       14%         3
 Fulminant Prism          Conj/Hex       ##........   41%         4
 Iskenderun's Mystic Bla  Conj/Tloc      ##......     41%         4


Dungeon Overview and Level Annotations

Branches:
Dungeon (2/15)

Altars:


Innate Abilities, Weirdness & Mutations

You have large cloven feet.
You are partially covered in rugged brown scales. (AC +1, +3% HP)


Message History

The orc warrior is severely wounded. (Press . to maintain the ray.)
The orc warrior misses you.
The searing ray hits the orc warrior.
The orc warrior is severely wounded.
The orc warrior hits you from afar with a +0 halberd!
Unknown command.
You aren't carrying any items that you can evoke.
Unknown command.
Okay, then.
Throw: 14 darts (poison)
Press: ? - help, Q - select action, (/) - cycle Shift-Dir - straight line, f/p - orc warrior
Aim: an orc warrior, wielding a +0 halberd and wearing a +0 plate armour (severely wounded)
You throw a poisoned dart. The poisoned dart hits the orc warrior.
The orc warrior is poisoned.
The orc warrior is severely wounded.
The gnoll shouts!
The orc warrior hits you from afar with a +0 halberd!!
Ouch! That really hurt!
You die...

# # ... ##..#
...g.####......
.....†[@.o....g
.#.#.#######..##
####... ..o#.# #
###.#.####.#
#.#...o......#
#)#.#.#.######
#.....#†#
###<###..


You could see an orc warrior (poisoned), a gnoll and a hobgoblin.

Vanquished Creatures
  An orc wizard (D:2)
  An orc priest (D:2)
  2 gnolls
  An adder (D:2)
  2 oozes (D:1)
  A worm (D:2)
  A dart slug (D:1)
  A leopard gecko (D:1)
  An orc (D:2)
  2 giant cockroaches (D:1)
  5 goblins (D:1)
  2 hobgoblins (D:1)
  3 jackals
  A ball python (D:1)
  5 bats
  A kobold (D:1)
  4 rats (D:1)
34 creatures vanquished.

Notes
Turn   | Place    | Note
-------+----------+-------------------------------------------
     0 | D:1      | Morbidden the Demonspawn Conjurer began the quest for the
                  | Orb.
     0 | D:1      | Reached XP level 1. HP: 13/13 MP: 3/3
   273 | D:1      | Gained mutation: You have large cloven feet. [demonic
                  | ancestry]
   273 | D:1      | Reached XP level 2. HP: 12/20 MP: 0/5
   509 | D:1      | Reached skill level 1 in Fighting
   580 | D:1      | Learned a level 2 spell: Searing Ray
  1094 | D:1      | Reached XP level 3. HP: 26/26 MP: 2/6
  1664 | D:2      | Noticed an orc warrior
  2135 | D:2      | Reached skill level 5 in Conjurations
  2135 | D:2      | Gained mutation: You are partially covered in rugged brown
                  | scales. (AC +1, +3% HP) [demonic ancestry]
  2135 | D:2      | Reached XP level 4. HP: 26/32 MP: 2/7
  2418 | D:2      | Mangled by an orc warrior

Illustrated notes

Levels and vault maps discovered:
D:1:      wheals_arrival_linesprint, layout_loops_corners, st_stairs_3
D:2:      layout_loops_ring

Skill      XL: |  1  2  3  4 |
---------------+-------------+-----
Fighting       | 1 |  1.3
Conjurations   | 5 |  5.3
Dodging        | 2 |  2.1
Stealth        | |  1.9
Unarmed Combat | |  0.2
Spellcasting   | |  2.7

Action                   |  1- 3 |  4- 6 || total
-------------------------+-------+-------++-------
Melee: Unarmed           |    31 |    17 ||    48
       Kick              |     4 |     1 ||     5
Throw: Dart              |       |     1 ||     1
 Cast: Magic Dart        |    48 |       ||    48
       Searing Ray       |     4 |     5 ||     9
  Use: Potion            |     1 |       ||     1
Armor: Robe              |     9 |    18 ||    27
Dodge: Dodged            |    35 |    27 ||    62

Table legend: (Time is in decaauts)
 A = Elapsed time spent in this place.
 B = Non-inter-level travel time spent in this place.
 C = Inter-level travel time spent in this place.
 D = Time resting spent in this place.
 E = Time spent auto-exploring this place.
 F = Levels seen in this place.
 G = Mean time per level.
                   A        B        C        D        E       F      G
               +--------+--------+--------+--------+--------+-----+--------+
         Total |   2421 |   2294 |    127 |    551 |   1444 |   2 | 1210.5 |
       Dungeon |   2421 |   2294 |    127 |    551 |   1444 |   2 | 1210.5 |
               +--------+--------+--------+--------+--------+-----+--------+

Top non-repeatable levels by time:
     D:1: 2376 daAuts
     D:2: 44 daAuts
